 Dungeon Crawl Stone Soup version 0.28.0-45-g0d030f2227 (webtiles) character file.

Game seed: 9016846980776746527

1663 Icepheonix32 the Skirmisher (level 8, -5/64 HPs)
             Began as a Demonspawn Fighter on Apr 6, 2022.
             Was an Initiate of Hepliaklqana.
             Slain by a vampire mosquito (10 damage)
             ... on level 6 of the Dungeon.
             The game lasted 00:11:20 (8410 turns).

Icepheonix32 the Skirmisher (Demonspawn Fighter)    Turns: 8410, Time: 00:11:21

Health: -5/64      AC:  9    Str: 19    XL:     8   Next: 69%
Magic:  10/10      EV: 11    Int: 16    God:    Hepliaklqana [......]
Gold:   258        SH:  4    Dex: 12    Spells: 9/10 levels left

rFire   . . .      SeeInvis .   E - +4 club
rCold   . . .      Faith    .   c - +0 buckler
rNeg    . . .      Spirit   .   t - +0 ring mail
rPois   .          Reflect  .   (no helmet)
rElec   .          Harm     .   (no cloak)
rCorr   .          Rampage  .   G - +0 pair of gloves
Will    .....                   (no boots)
Stlth   +.........              C - amulet of the acrobat
HPRegen 0.20/turn               k - +6 ring of intelligence
MPRegen 0.12/turn               F - ring of flight

@: flying
A: hooves 1, yellow scales 1, demonic magic 1, sense surroundings 1
a: Renounce Religion


You were on level 6 of the Dungeon.
You worshipped Hepliaklqana.
Hepliaklqana was noncommittal.
You visited 2 branches of the dungeon, and saw 8 of its levels.

You collected 258 gold pieces.

Inventory:

Hand Weapons
 a - a +0 long sword
 p - a +0 hunting sling
 u - a +2 spear of venom
 E - a +4 club (weapon)
 H - a +3 dagger
 Q - a +0 whip of freezing
Missiles
 f - 14 poisoned darts
 i - 6 boomerangs (quivered)
 w - 113 stones
 B - 3 sling bullets
 R - 6 silver javelins
Armour
 b - a +0 scale mail
 c - a +0 buckler (worn)
 t - a +0 ring mail (worn)
 G - a +0 pair of gloves (worn)
Magical Staves
 N - a staff of death
Jewellery
 e - a ring of ice
 k - a +6 ring of intelligence (left hand)
 y - an amulet of regeneration
 A - a ring of ice
 C - an amulet of the acrobat (around neck)
 F - a ring of flight (right hand)
Wands
 g - a wand of digging (7)
 D - a wand of iceblast (12)
 I - a wand of charming (4)
 K - a wand of paralysis (13)
Scrolls
 h - a scroll of fear {unknown}
 j - a scroll of fog {unknown}
 n - a scroll of immolation {unknown}
 o - 2 scrolls of enchant weapon {unknown}
 r - a scroll of amnesia {unknown}
 v - a scroll of teleportation {unknown}
 J - 2 scrolls of brand weapon {unknown}
 L - a scroll of summoning {unknown}
Potions
 l - a potion of flight {unknown}
 q - 2 potions of lignification
 x - a potion of heal wounds
 M - a potion of attraction


   Skills:
 * Level 5.9 Fighting
 - Level 2.5 Long Blades
 - Level 2.4(2.6) Maces & Flails
 + Level 0.2(0.8) Polearms
 + Level 1.2(2.0) Staves
 + Level 4.4(4.5) Slings
 + Level 0.4(2.8) Throwing
 + Level 4.6 Armour
 + Level 2.3 Dodging
 + Level 1.2 Stealth
 + Level 3.6 Shields
 * Level 1.5 Spellcasting
 * Level 1.5 Necromancy
 + Level 0.1 Transmutations
 + Level 0.1 Poison Magic
 * Level 0.7 Invocations
 * Level 2.5 Evocations


You had 9 spell levels left.
You knew the following spells:

 Your Spells              Type           Power      Damage    Failure   Level
a - Sting                 Tmut/Pois      4%         1d3       41%         1

Your spell library contained the following spells:

 Spells                   Type           Power      Damage    Failure   Level
 Poisonous Vapours        Pois/Air       2%         N/A       56%         2
 Blink                    Tloc           2%         N/A       58%         2
 Olgreb's Toxic Radiance  Pois           1%         N/A       99%         4
 Manifold Assault         Tloc           1%         N/A       100%        5
 Storm Form               Tmut/Air       0%         N/A       100%        7


Dungeon Overview and Level Annotations

Branches:
Dungeon (7/15)             Temple (1/1) D:5

Altars:
Ashenzari
Cheibriados
Dithmenos
Elyvilon
Fedhas
Gozag
Hepliaklqana
Kikubaaqudgha
Okawaru
Qazlal
Ru
Sif Muna
Trog
Uskayaw
Vehumet
Wu Jian
Xom
Yredelemnul
Zin
The Shining One

Shops:
D:1 (


Innate Abilities, Weirdness & Mutations

You have large cloven feet.
You are partially covered in yellow scales. (AC +2)
Spells you cast may paralyse adjacent enemies.
You passively map a small area around you.


Message History

a +0 whip; a +0 leather armour The vampire mosquito misses you.
There is a stone staircase leading up here.
The vampire mosquito barely misses you. The vampire mosquito bites you.
The vampire mosquito draws strength from your injuries!
You fly upwards.
There is a stone staircase leading down here.
You block the vampire mosquito's attack.
The vampire mosquito bites you but does no damage.
You hit the vampire mosquito. You kick the vampire mosquito.
The vampire mosquito is moderately damaged.
The vampire mosquito bites you but does no damage.
The vampire mosquito closely misses you.
You hit the vampire mosquito.
The vampire mosquito is heavily damaged.
The vampire mosquito bites you but does no damage. x2
You hit the vampire mosquito. Your kick misses the vampire mosquito.
The vampire mosquito is heavily damaged.
The vampire mosquito bites you.
The vampire mosquito draws strength from your injuries!
The vampire mosquito bites you but does no damage.
The vampire mosquito completely misses you.
You hit the vampire mosquito.
The vampire mosquito is heavily damaged.
The vampire mosquito bites you!
The vampire mosquito draws strength from your injuries!
The vampire mosquito bites you!
* * * LOW HITPOINT WARNING * * *
The vampire mosquito draws strength from your injuries!
You barely miss the vampire mosquito. Your kick misses the vampire mosquito.
The vampire mosquito is moderately damaged.
The vampire mosquito barely misses you.
The vampire mosquito bites you but does no damage.
You barely miss the vampire mosquito. You kick the vampire mosquito.
The vampire mosquito is heavily damaged.
The vampire mosquito bites you!
* * * LOW HITPOINT WARNING * * *
The vampire mosquito draws strength from your injuries!
The vampire mosquito bites you!
You die...

.....# ##...## .....#
##.....########## .....#
#.......##......# .....#
#.......##......# .....#
#.......##......#
....########.....###......#
.....)...........###......#
.######.........>.#.......#
##≈§≈≈##.......y@.#.......#
#≈§§.≈§##.................#
≈≈#.##§§#........##.......#
≈..#.#.≈#........##.#########
≈.#.#..§#....#.##...##......#
≈≈##.#≈≈#......#..####......#
#§§..≈≈##......#.#####......#
##§..≈##.....#.#.##.........#
.##'§##........#.#..##......#


You could see a vampire mosquito.

Vanquished Creatures
  Grinder (D:4)
  2 vampire mosquitoes (D:6)
  A sky beast (D:5)
  An ice beast (D:5)
  A black bear (D:5)
  2 ogres (D:5)
  A scorpion (D:6)
  A water moccasin zombie (D:6)
  2 water moccasin skeletons
  A centaur zombie (D:5)
  A centaur skeleton (D:6)
  3 hounds
  4 iguanas
  Ijyb (D:3)
  Natasha (D:3)
  An orc wizard (D:5)
  A hound skeleton (D:4)
  4 gnolls
  6 adders
  A shadow imp (D:6)
  A white imp (D:6)
  3 worms
  2 dart slugs
  14 orcs
  10 ball pythons
  9 endoplasms
  5 giant cockroaches
  9 goblins
  10 hobgoblins
  6 quokkas
  3 bats
  3 frilled lizards (D:1)
  11 kobolds
  A quokka skeleton (D:4)
  4 rats
127 creatures vanquished.

Notes
Turn   | Place    | Note
-------+----------+-------------------------------------------
     0 | D:1      | Icepheonix32 the Demonspawn Fighter began the quest for the
                  | Orb.
     0 | D:1      | Reached XP level 1. HP: 18/18 MP: 1/1
   272 | D:1      | Gained mutation: You have large cloven feet. [demonic
                  | ancestry]
   272 | D:1      | Reached XP level 2. HP: 21/24 MP: 2/2
   759 | D:1      | Reached XP level 3. HP: 29/29 MP: 3/3
   867 | D:1      | Found Yfekhai's Weapon Emporium.
  2022 | D:2      | Reached XP level 4. HP: 33/37 MP: 4/4
  2814 | D:3      | Noticed Natasha
  2824 | D:3      | Killed Natasha
  2825 | D:3      | Reached skill level 4 in Fighting
  2928 | D:3      | Found a broken altar of Ashenzari.
  3186 | D:3      | Noticed Ijyb
  3194 | D:3      | Killed Ijyb
  3195 | D:3      | Reached skill level 1 in Slings
  3195 | D:3      | Gained mutation: You are partially covered in yellow
                  | scales. (AC +2) [demonic ancestry]
  3195 | D:3      | Reached XP level 5. HP: 42/42 MP: 5/5
  3590 | D:4      | Reached skill level 1 in Dodging
  3693 | D:4      | Gained mutation: Spells you cast may paralyse adjacent
                  | enemies. [demonic ancestry]
  3693 | D:4      | Reached XP level 6. HP: 17/48 MP: 6/6
  3695 | D:4      | Learned a level 1 spell: Sting
  4080 | D:4      | Noticed Grinder
  4090 | D:4      | Killed Grinder
  4091 | D:4      | Reached skill level 1 in Maces & Flails
  4472 | D:5      | Entered Level 5 of the Dungeon
  4638 | D:5      | Reached XP level 7. HP: 51/55 MP: 7/7
  4927 | D:5      | Reached skill level 5 in Fighting
  5378 | D:5      | Gained mutation: You passively map a small area around you.
                  | [potion of mutation]
  5391 | D:5      | Lost mutation: You passively map a small area around you.
                  | [potion of mutation]
  5391 | D:5      | Gained mutation: You passively map a small area around you.
                  | [potion of mutation]
  5475 | D:5      | Found a staircase to the Ecumenical Temple.
  5530 | Temple   | Entered the Ecumenical Temple
  6052 | D:5      | Reached skill level 1 in Stealth
  6052 | D:5      | Reached XP level 8. HP: 42/63 MP: 8/8
  7166 | D:6      | Reached skill level 1 in Evocations
  7243 | D:6      | Found a faded altar of an unknown god.
  7251 | D:6      | Found a hide-covered altar of Uskayaw.
  7253 | D:6      | Found a hazy altar of Hepliaklqana.
  7255 | D:6      | Found a stormy altar of Qazlal.
  7271 | D:6      | Became a worshipper of Hepliaklqana the Forgotten
  7537 | D:6      | Found an iron altar of Okawaru.
  7557 | D:6      | Reached skill level 1 in Spellcasting
  7624 | D:6      | Reached skill level 1 in Staves
  7624 | D:6      | Reached skill level 1 in Necromancy
  8014 | D:6      | HP: 2/96 [vampire mosquito (6)]
  8410 | D:6      | Slain by a vampire mosquito

Illustrated notes

Levels and vault maps discovered:
D:1:      saegor_arrival_under_anarchy, layout_loops_corners, serial_shops,
          nicolae_shop_bloodbath_and_beyond, minivault_19,
          minmay_split_cup_large
D:2:      layout_basic, st_stairs_3
D:3:      layout_basic, cheibrodos_ashenzari_chains, uniq_ijyb, uniq_natasha
D:4:      layout_basic, uniq_grinder
D:5:      minmay_angry_zag, layout_basic, minmay_temple_entry_glassed_door
D:6:      layout_rooms, chequers_temple_overflow_minitemple,
          okawaru_altar_gauntlet_db, kennysheep_generic_room_3
D:7:      layout_rooms, supply_closet_lemuel, uniq_crazy_yiuf_cottage
Temple:   dpeg_chambers_temple

Skill      XL: |  1  2  3  4  5  6  7  8 |
---------------+-------------------------+-----
Long Blades    | 2 |  2.5
Armour         | 3 4 |  4.6
Fighting       | 4 5 |  5.9
Slings         | 1 2 3 4 |  4.4
Dodging        | 1 2 |  2.3
Maces & Flails | 1 2 |  2.4
Shields        | 3 |  3.6
Stealth        | 1 |  1.2
Evocations     | 2 |  2.5
Spellcasting   | 1 |  1.5
Staves         | 1 |  1.2
Necromancy     | 1 |  1.5
Polearms       | |  0.2
Throwing       | |  0.4
Transmutations | |  0.1
Poison Magic   | |  0.1
Invocations    | |  0.7

Action                   |  1- 3 |  4- 6 |  7- 9 || total
-------------------------+-------+-------+-------++-------
Melee: Long sword        |   103 |       |       ||   103
       Kick              |    14 |    16 |    60 ||    90
       Spear             |     8 |    16 |       ||    24
       Club              |       |    31 |   135 ||   166
       Dagger            |       |     2 |       ||     2
       Staff             |       |       |    97 ||    97
 Fire: Hunting sling     |       |   119 |    17 ||   136
Throw: Boomerang         |       |     5 |     8 ||    13
 Cast: Sting             |       |     3 |       ||     3
  Use: Potion            |       |       |    13 ||    13
 Stab: Paralysed         |       |     2 |       ||     2
       Invisible         |       |       |     4 ||     4
Armor: Scale mail        |    46 |       |       ||    46
       Ring mail         |     7 |    21 |   136 ||   164
       Skin              |       |       |    24 ||    24
Dodge: Dodged            |    49 |    32 |   157 ||   238
Block: Buckler           |    24 |    27 |    53 ||   104
